Ducks vs BlackHawks

Created - March 8 2011 at 17:56

Goals
1 2 3 T
Ducks 1 2 1 4
BlackHawks 0 0 1 1
Shots
1 2 3 T
Ducks 4 10 3 17
BlackHawks 5 6 12 23

Period #1

1. Ducks , Manny Malhotra 16 (Jakub Voracek, Nick Schultz) at 17:04

Penalties :
Kurtis Foster (ANA) for Hooking (Minor) at 0:39, Hal Gill (CHI) for High sticking (Double Minor) at 1:28, Richard Park (ANA) for Slashing (Minor) at 1:28, Kurtis Foster (ANA) for Hooking (Minor) at 12:29, Hal Gill (CHI) for Hooking (Minor) at 19:15

Period #2

2. Ducks , Marc-Edouard Vlasic 12 (David Clarkson, Jonas Hiller) at 6:24 (PP)
3. Ducks , Jonathan Toews 36 (Brandon Dubinsky, Kurtis Foster) at 14:07

Penalties :
Hal Gill (CHI) for High sticking (Minor) at 4:36, Manny Malhotra (ANA) for Hooking (Minor) at 7:00, Chris Neil (CHI) for Fighting (Major) at 11:43, Manny Malhotra (ANA) for Fighting (Major) at 11:43

Period #3

4. BlackHawks , Adam Foote 6 (Cory Stillman, David Booth) at 8:31 (PP)
5. Ducks , Dominic Moore 8 (Bryan Little, Rob Scuderi) at 14:35

Penalties :
David Clarkson (ANA) for Tripping (Minor) at 2:28, Brandon Dubinsky (ANA) for Hooking (Minor) at 6:40, Kris Russell (CHI) for Holding (Minor) at 12:20, Chris Neil (CHI) for High sticking (Minor) at 16:02, Chris Neil (CHI) for Holding Stick (Minor) at 18:05

Goalie Stats

Jonas Hiller (ANA), 22 saves from 23 shots - (0.957), W, 12-9-2, 60:00 minutes
Cristobal Huet (CHI), 12 saves from 16 shots - (0.750), L, 27-24-7, 54:35 minutes
Mathieu Garon (CHI), 1 saves from 1 shots - (1.000), 5:25 minutes

Players Stats

Ducks
Player Name              G  A  P  +/- PIM S  H  SB FO    MP 
------------------------------------------------------------
Andy McDonald            0  0  0   0  0   1  0  0  6/18  20 
Brandon Dubinsky         0  1  1   1  2   1  0  1  1/2   21 
Bryan Little             0  1  1   1  0   1  0  0  0/0   7  
Christian Hanson         0  0  0   1  0   0  3  0  1/6   7  
David Clarkson           0  1  1   0  2   2  3  0  0/1   16 
David Perron             0  0  0   1  0   4  1  0  0/1   17 
Dominic Moore            1  0  1   1  0   1  0  0  0/0   9  
Dustin Byfuglien         0  0  0   1  0   1  2  0  0/0   12 
Henrik Tallinder         0  0  0   2  0   0  1  1  0/0   16 
Jakub Voracek            0  1  1   1  0   0  1  0  0/0   15 
Jonathan Toews           1  0  1   1  0   2  0  0  14/26 22 
Kurtis Foster            0  1  1   1  4   0  1  0  0/0   20 
Manny Malhotra           1  0  1   1  7   2  0  0  11/16 13 
Marc-Edouard Vlasic      1  0  1   1  0   1  2  2  0/0   21 
Nick Schultz             0  1  1   1  0   0  2  0  0/0   21 
Richard Park             0  0  0   0  2   1  0  1  0/0   13 
Rob Scuderi              0  1  1   1  0   0  1  2  0/0   20 
Tom Poti                 0  0  0   0  0   0  0  2  0/0   19 
BlackHawks
Player Name              G  A  P  +/- PIM S  H  SB FO    MP 
------------------------------------------------------------
Adam Foote               1  0  1  -1  0   2  3  1  0/0   22 
Ales Hemsky              0  0  0  -1  0   1  1  0  3/10  18 
Artem Anisimov           0  0  0  -1  0   1  0  0  8/10  11 
Chris Neil               0  0  0  -1  9   2  1  0  0/1   13 
Cory Stillman            0  1  1   0  0   2  1  0  0/1   18 
David Booth              0  1  1  -2  0   0  1  0  0/5   16 
Hal Gill                 0  0  0  -2  8   1  3  2  0/0   20 
Josh Bailey              0  0  0  -1  0   2  0  0  1/1   10 
Kris Russell             0  0  0   0  2   0  1  1  0/0   14 
Mathieu Darche           0  0  0  -1  0   0  1  0  0/1   9  
Mattias Ohlund           0  0  0  -1  0   0  0  1  0/0   23 
Patrik Berglund          0  0  0   0  0   2  0  0  2/3   7  
Paul Kariya              0  0  0   0  0   5  0  0  4/5   21 
Ron Hainsey              0  0  0  -2  0   0  0  1  0/0   22 
Samuel Pahlsson          0  0  0   0  0   3  0  0  9/19  20 
Tobias Enstrom           0  0  0   0  0   0  0  1  0/0   17 
Tyler Kennedy            0  0  0   0  0   2  2  0  0/0   13 
Wayne Primeau            0  0  0  -2  0   0  1  1  10/14 15 

3 Stars

1 - Jonas Hiller (ANA)
2 - Marc-Edouard Vlasic (ANA)
3 - Dominic Moore (ANA)

Power Play

Ducks - 1 on 5 Attempt(s) - 20.00%
BlackHawks - 1 on 5 Attempt(s) - 20.00%

Penalty Kill

Ducks - 4 on 5 Attempt(s) - 80.00% - Score 0 goal in Penalty Kill
BlackHawks - 4 on 5 Attempt(s) - 80.00% - Score 0 goal in Penalty Kill

Game Notes

Chris Neil beats up Manny Malhotra at 11:43 of 2nd period
Mathieu Garon enters game at 14:35 of 3rd period

Finance

Level 1 -- Attendance: 6500 (100.00%) -- Ticket Income $552,500.00
Level 2 -- Attendance: 3880 (77.60%) -- Ticket Income $213,400.00
Level 3 -- Attendance: 3500 (100.00%) -- Ticket Income $105,000.00
Level 4 -- Attendance: 2519 (55.98%) -- Ticket Income $50,380.00
Luxury Box -- Attendance: 1000 (100.00%) -- Ticket Income $175,000.00
Game was played at the United Center
Total Attendance: 17399 (84.87%)
Total Ticket Income: $1,135,261.00
Other Income: $198,915.60
Total Income: $1,334,177.00


Play by Play

Period #1

0:01 of 1st period - Jonathan Toews wins face-off versus Patrik Berglund in neutral zone.
0:39 of 1st period - Minor Penalty to Kurtis Foster for Hooking.
0:40 of 1st period - Wayne Primeau wins face-off versus Manny Malhotra in Ducks zone.
1:28 of 1st period - Double Minor Penalty to Hal Gill for High sticking.
1:28 of 1st period - Minor Penalty to Richard Park for Slashing.
1:29 of 1st period - Manny Malhotra wins face-off versus Ales Hemsky in BlackHawks zone.
3:01 of 1st period - Shot by David Perron.
3:01 of 1st period - Stopped by Cristobal Huet without a rebound.
3:02 of 1st period - Jonathan Toews wins face-off versus Ales Hemsky in BlackHawks zone.
3:11 of 1st period - Shot by Jonathan Toews.
3:11 of 1st period - Shot Misses the Net.
3:37 of 1st period - Shot by Andy McDonald.
3:37 of 1st period - Stopped by Cristobal Huet without a rebound.
3:38 of 1st period - Andy McDonald wins face-off versus David Booth in BlackHawks zone.
5:21 of 1st period - Icing by Rob Scuderi.
5:22 of 1st period - Paul Kariya wins face-off versus David Clarkson in Ducks zone.
5:38 of 1st period - Shot by Chris Neil.
5:38 of 1st period - Shot Misses the Net.
5:40 of 1st period - Shot by Chris Neil.
5:40 of 1st period - Shot Blocked by Rob Scuderi.
5:44 of 1st period - Shot by Chris Neil.
5:44 of 1st period - Stopped by Jonas Hiller without a rebound.
5:45 of 1st period - Manny Malhotra wins face-off versus Samuel Pahlsson in Ducks zone.
5:56 of 1st period - Shot by Tyler Kennedy.
5:56 of 1st period - Deflect By Paul Kariya.
5:56 of 1st period - Shot Misses the Net.
5:58 of 1st period - Shot by Tobias Enstrom.
5:58 of 1st period - Shot Blocked by Henrik Tallinder.
6:00 of 1st period - Shot by Tyler Kennedy.
6:00 of 1st period - Stopped by Jonas Hiller without a rebound.
6:01 of 1st period - Jonathan Toews wins face-off versus Chris Neil in Ducks zone.
6:16 of 1st period - Shot by David Booth.
6:16 of 1st period - Shot Misses the Net.
7:16 of 1st period - Shot by Paul Kariya.
7:16 of 1st period - Shot Misses the Net.
7:18 of 1st period - Shot by Samuel Pahlsson.
7:18 of 1st period - Stopped by Jonas Hiller without a rebound.
7:19 of 1st period - Wayne Primeau wins face-off versus Andy McDonald in Ducks zone.
7:38 of 1st period - Shot by Josh Bailey.
7:38 of 1st period - Deflect By Mathieu Darche.
7:38 of 1st period - Shot Blocked by Richard Park.
7:40 of 1st period - Shot by Wayne Primeau.
7:40 of 1st period - Shot Blocked by Tom Poti.
8:01 of 1st period - Icing by Adam Foote.
8:02 of 1st period - Jonathan Toews wins face-off versus Mathieu Darche in BlackHawks zone.
8:07 of 1st period - Shot by Jonathan Toews.
8:07 of 1st period - Shot Misses the Net.
8:10 of 1st period - Icing by Adam Foote.
8:11 of 1st period - Wayne Primeau wins face-off versus Jonathan Toews in BlackHawks zone.
9:44 of 1st period - Tom Poti is hit by Hal Gill and loses puck.
11:10 of 1st period - Christian Hanson is hit by Hal Gill and loses puck.
11:31 of 1st period - Ron Hainsey is hit by Christian Hanson.
12:29 of 1st period - Minor Penalty to Kurtis Foster for Hooking.
12:30 of 1st period - Jonathan Toews wins face-off versus Samuel Pahlsson in Ducks zone.
12:30 of 1st period - Jonathan Toews is hit by Cory Stillman.
13:04 of 1st period - Manny Malhotra is hit by Ales Hemsky and loses puck.
13:58 of 1st period - Wayne Primeau is hit by Marc-Edouard Vlasic.
14:52 of 1st period - Shot by Paul Kariya.
14:52 of 1st period - Stopped by Jonas Hiller without a rebound.
14:53 of 1st period - Wayne Primeau wins face-off versus Manny Malhotra in Ducks zone.
15:03 of 1st period - Josh Bailey is hit by Henrik Tallinder and loses puck.
15:06 of 1st period - Shot by Mathieu Darche.
15:06 of 1st period - Shot Misses the Net.
15:08 of 1st period - Shot by Samuel Pahlsson.
15:08 of 1st period - Stopped by Jonas Hiller without a rebound.
15:09 of 1st period - Artem Anisimov wins face-off versus Jonathan Toews in Ducks zone.
15:55 of 1st period - Off-side.
15:56 of 1st period - Wayne Primeau wins face-off versus Andy McDonald in neutral zone.
15:58 of 1st period - Ron Hainsey is hit by David Clarkson.
16:10 of 1st period - Chris Neil is hit by David Clarkson and loses puck.
16:45 of 1st period - Shot by Jakub Voracek.
16:45 of 1st period - Shot Blocked by Hal Gill.
16:49 of 1st period - Shot by Jakub Voracek.
16:49 of 1st period - Shot Misses the Net.
16:58 of 1st period - Shot by Manny Malhotra.
16:58 of 1st period - Stopped by Cristobal Huet with a rebound.
17:02 of 1st period - Shot by Jakub Voracek.
17:02 of 1st period - Shot Blocked by Wayne Primeau.
17:04 of 1st period - Shot by Manny Malhotra.
17:04 of 1st period - Goal by Manny Malhotra - Ducks : 1 - BlackHawks : 0.
17:05 of 1st period - Jonathan Toews wins face-off versus Samuel Pahlsson in neutral zone.
17:08 of 1st period - Samuel Pahlsson is hit by Dustin Byfuglien and loses puck.
17:48 of 1st period - Brandon Dubinsky is hit by Adam Foote and loses puck.
19:15 of 1st period - Minor Penalty to Hal Gill for Hooking.
19:16 of 1st period - Ales Hemsky wins face-off versus Jonathan Toews in BlackHawks zone.

Period #2

0:01 of 2nd period - Jonathan Toews wins face-off versus Ales Hemsky in neutral zone.
0:14 of 2nd period - Shot by Kurtis Foster.
0:14 of 2nd period - Deflect By Brandon Dubinsky.
0:14 of 2nd period - Stopped by Cristobal Huet without a rebound.
0:15 of 2nd period - Andy McDonald wins face-off versus Paul Kariya in BlackHawks zone.
1:33 of 2nd period - Shot by Cory Stillman.
1:33 of 2nd period - Shot Misses the Net.
1:37 of 2nd period - Shot by Ales Hemsky.
1:37 of 2nd period - Shot Misses the Net.
2:21 of 2nd period - Shot by Dustin Byfuglien.
2:21 of 2nd period - Stopped by Cristobal Huet without a rebound.
2:22 of 2nd period - Wayne Primeau wins face-off versus Andy McDonald in BlackHawks zone.
2:42 of 2nd period - Andy McDonald is hit by Adam Foote and loses puck.
2:53 of 2nd period - Shot by Richard Park.
2:53 of 2nd period - Stopped by Cristobal Huet without a rebound.
2:54 of 2nd period - Samuel Pahlsson wins face-off versus David Perron in BlackHawks zone.
3:03 of 2nd period - Tobias Enstrom is hit by David Perron.
3:40 of 2nd period - Icing by Kris Russell.
3:41 of 2nd period - Samuel Pahlsson wins face-off versus Jonathan Toews in BlackHawks zone.
3:41 of 2nd period - Samuel Pahlsson is hit by Dustin Byfuglien.
3:56 of 2nd period - Brandon Dubinsky is hit by David Booth and loses puck.
4:03 of 2nd period - Marc-Edouard Vlasic is hit by Chris Neil and loses puck.
4:19 of 2nd period - Shot by Chris Neil.
4:19 of 2nd period - Shot Misses the Net.
4:36 of 2nd period - Minor Penalty to Hal Gill for High sticking.
4:37 of 2nd period - Andy McDonald wins face-off versus Ales Hemsky in BlackHawks zone.
4:38 of 2nd period - Shot by David Perron.
4:38 of 2nd period - Stopped by Cristobal Huet without a rebound.
4:39 of 2nd period - Ales Hemsky wins face-off versus Andy McDonald in BlackHawks zone.
6:20 of 2nd period - Shot by Marc-Edouard Vlasic.
6:20 of 2nd period - Shot Blocked by Adam Foote.
6:22 of 2nd period - Shot by Marc-Edouard Vlasic.
6:22 of 2nd period - Shot Misses the Net.
6:24 of 2nd period - Shot by Marc-Edouard Vlasic.
6:24 of 2nd period - Goal by Marc-Edouard Vlasic - Ducks : 2 - BlackHawks : 0.
6:25 of 2nd period - Wayne Primeau wins face-off versus Christian Hanson in neutral zone.
6:29 of 2nd period - Hal Gill is hit by Rob Scuderi and loses puck.
6:46 of 2nd period - Nick Schultz is hit by Mathieu Darche and loses puck.
7:00 of 2nd period - Minor Penalty to Manny Malhotra for Hooking.
7:01 of 2nd period - Jonathan Toews wins face-off versus David Booth in Ducks zone.
7:45 of 2nd period - Icing by Chris Neil.
7:46 of 2nd period - Samuel Pahlsson wins face-off versus Jonathan Toews in BlackHawks zone.
7:51 of 2nd period - Shot by Paul Kariya.
7:51 of 2nd period - Shot Misses the Net.
8:04 of 2nd period - Icing by Paul Kariya.
8:05 of 2nd period - Jonathan Toews wins face-off versus Samuel Pahlsson in BlackHawks zone.
9:08 of 2nd period - Nick Schultz is hit by Kris Russell and loses puck.
9:28 of 2nd period - Icing by Nick Schultz.
9:29 of 2nd period - Artem Anisimov wins face-off versus Christian Hanson in Ducks zone.
9:46 of 2nd period - Off-side.
9:47 of 2nd period - Jonathan Toews wins face-off versus Samuel Pahlsson in neutral zone.
10:05 of 2nd period - Kris Russell is hit by Kurtis Foster and loses puck.
10:38 of 2nd period - Shot by Ales Hemsky.
10:38 of 2nd period - Shot Misses the Net.
10:42 of 2nd period - Shot by Cory Stillman.
10:42 of 2nd period - Stopped by Jonas Hiller without a rebound.
10:43 of 2nd period - Artem Anisimov wins face-off versus Manny Malhotra in Ducks zone.
10:56 of 2nd period - Shot by David Booth.
10:56 of 2nd period - Deflect By Artem Anisimov.
10:56 of 2nd period - Stopped by Jonas Hiller without a rebound.
10:57 of 2nd period - Andy McDonald wins face-off versus Wayne Primeau in Ducks zone.
11:27 of 2nd period - Shot by Andy McDonald.
11:27 of 2nd period - Shot Blocked by Mattias Ohlund.
11:32 of 2nd period - Icing by Mattias Ohlund.
11:33 of 2nd period - Manny Malhotra wins face-off versus Wayne Primeau in BlackHawks zone.
11:36 of 2nd period - Shot by David Perron.
11:36 of 2nd period - Stopped by Cristobal Huet without a rebound.
11:37 of 2nd period - Manny Malhotra wins face-off versus Samuel Pahlsson in BlackHawks zone.
11:42 of 2nd period - Shot by Manny Malhotra.
11:42 of 2nd period - Deflect By David Perron.
11:42 of 2nd period - Stopped by Cristobal Huet without a rebound.
11:43 of 2nd period - Manny Malhotra wins face-off versus David Booth in BlackHawks zone.
11:43 of 2nd period - Chris Neil beats up Manny Malhotra.
11:43 of 2nd period - Penalty to Chris Neil for Fighting.
11:43 of 2nd period - Penalty to Manny Malhotra for Fighting.
11:44 of 2nd period - Samuel Pahlsson wins face-off versus Jonathan Toews in BlackHawks zone.
11:44 of 2nd period - Samuel Pahlsson is hit by Jakub Voracek.
12:02 of 2nd period - Shot by Paul Kariya.
12:02 of 2nd period - Stopped by Jonas Hiller without a rebound.
12:03 of 2nd period - Patrik Berglund wins face-off versus Brandon Dubinsky in Ducks zone.
12:27 of 2nd period - Ales Hemsky is hit by Marc-Edouard Vlasic and loses puck.
12:30 of 2nd period - Shot by Patrik Berglund.
12:30 of 2nd period - Stopped by Jonas Hiller without a rebound.
12:31 of 2nd period - Artem Anisimov wins face-off versus Andy McDonald in Ducks zone.
12:46 of 2nd period - Shot by Paul Kariya.
12:46 of 2nd period - Stopped by Jonas Hiller without a rebound.
12:47 of 2nd period - Samuel Pahlsson wins face-off versus Andy McDonald in Ducks zone.
12:55 of 2nd period - Icing by Samuel Pahlsson.
12:56 of 2nd period - Samuel Pahlsson wins face-off versus Andy McDonald in BlackHawks zone.
14:07 of 2nd period - Shot by Jonathan Toews.
14:07 of 2nd period - Goal by Jonathan Toews - Ducks : 3 - BlackHawks : 0.
14:08 of 2nd period - Wayne Primeau wins face-off versus Jonathan Toews in neutral zone.
14:13 of 2nd period - Shot by David Clarkson.
14:13 of 2nd period - Stopped by Cristobal Huet without a rebound.
14:14 of 2nd period - Wayne Primeau wins face-off versus Andy McDonald in BlackHawks zone.
14:22 of 2nd period - Andy McDonald is hit by Wayne Primeau.
14:32 of 2nd period - Shot by Josh Bailey.
14:32 of 2nd period - Stopped by Jonas Hiller with a rebound.
14:56 of 2nd period - David Clarkson is hit by Adam Foote and loses puck.
16:20 of 2nd period - Shot by Brandon Dubinsky.
16:20 of 2nd period - Shot Misses the Net.
16:24 of 2nd period - Shot by Dustin Byfuglien.
16:24 of 2nd period - Shot Blocked by Kris Russell.
17:06 of 2nd period - Manny Malhotra is hit by Tyler Kennedy and loses puck.
17:21 of 2nd period - Shot by Manny Malhotra.
17:21 of 2nd period - Shot Misses the Net.
18:00 of 2nd period - Shot by Bryan Little.
18:00 of 2nd period - Stopped by Cristobal Huet without a rebound.
18:01 of 2nd period - Artem Anisimov wins face-off versus Christian Hanson in BlackHawks zone.
18:17 of 2nd period - Icing by Artem Anisimov.
18:18 of 2nd period - Manny Malhotra wins face-off versus Artem Anisimov in BlackHawks zone.
19:08 of 2nd period - Icing by Adam Foote.
19:09 of 2nd period - Wayne Primeau wins face-off versus Jonathan Toews in BlackHawks zone.

Period #3

0:01 of 3rd period - Patrik Berglund wins face-off versus Jonathan Toews in neutral zone.
0:12 of 3rd period - Shot by Cory Stillman.
0:12 of 3rd period - Shot Misses the Net.
0:14 of 3rd period - Shot by Mattias Ohlund.
0:14 of 3rd period - Shot Misses the Net.
0:58 of 3rd period - Shot by Chris Neil.
0:58 of 3rd period - Shot Misses the Net.
1:06 of 3rd period - Shot by Chris Neil.
1:06 of 3rd period - Shot Blocked by Tom Poti.
1:20 of 3rd period - Icing by Hal Gill.
1:21 of 3rd period - Artem Anisimov wins face-off versus Manny Malhotra in BlackHawks zone.
1:50 of 3rd period - Shot by Jakub Voracek.
1:50 of 3rd period - Shot Misses the Net.
1:52 of 3rd period - Shot by Manny Malhotra.
1:52 of 3rd period - Shot Blocked by Tobias Enstrom.
2:24 of 3rd period - Mattias Ohlund is hit by David Clarkson and loses puck.
2:28 of 3rd period - Minor Penalty to David Clarkson for Tripping.
2:29 of 3rd period - Samuel Pahlsson wins face-off versus Jonathan Toews in Ducks zone.
3:56 of 3rd period - Shot by Jonathan Toews.
3:56 of 3rd period - Stopped by Cristobal Huet without a rebound.
3:57 of 3rd period - Manny Malhotra wins face-off versus David Booth in BlackHawks zone.
4:12 of 3rd period - Shot by Adam Foote.
4:12 of 3rd period - Shot Blocked by Brandon Dubinsky.
4:46 of 3rd period - Shot by Dominic Moore.
4:46 of 3rd period - Shot Misses the Net.
4:51 of 3rd period - Tobias Enstrom is hit by Christian Hanson and loses puck.
4:55 of 3rd period - Samuel Pahlsson is hit by Nick Schultz.
5:46 of 3rd period - Shot by Ales Hemsky.
5:46 of 3rd period - Shot Misses the Net.
5:50 of 3rd period - Shot by Ales Hemsky.
5:50 of 3rd period - Stopped by Jonas Hiller without a rebound.
5:51 of 3rd period - Manny Malhotra wins face-off versus Cory Stillman in Ducks zone.
5:51 of 3rd period - Manny Malhotra is hit by Tyler Kennedy.
6:10 of 3rd period - Shot by David Perron.
6:10 of 3rd period - Shot Misses the Net.
6:35 of 3rd period - Icing by Chris Neil.
6:36 of 3rd period - Jonathan Toews wins face-off versus Artem Anisimov in BlackHawks zone.
6:40 of 3rd period - Minor Penalty to Brandon Dubinsky for Hooking.
6:41 of 3rd period - Jonathan Toews wins face-off versus Samuel Pahlsson in Ducks zone.
6:56 of 3rd period - Shot by Cory Stillman.
6:56 of 3rd period - Stopped by Jonas Hiller with a rebound.
6:58 of 3rd period - Shot by Samuel Pahlsson.
6:58 of 3rd period - Stopped by Jonas Hiller with a rebound.
7:02 of 3rd period - Shot by Samuel Pahlsson.
7:02 of 3rd period - Shot Blocked by Rob Scuderi.
7:04 of 3rd period - Shot by Samuel Pahlsson.
7:04 of 3rd period - Shot Misses the Net.
7:06 of 3rd period - Shot by Adam Foote.
7:06 of 3rd period - Stopped by Jonas Hiller with a rebound.
7:32 of 3rd period - Shot by Hal Gill.
7:32 of 3rd period - Shot Blocked by Marc-Edouard Vlasic.
7:36 of 3rd period - Shot by Paul Kariya.
7:36 of 3rd period - Shot Misses the Net.
7:38 of 3rd period - Shot by Hal Gill.
7:38 of 3rd period - Shot Blocked by Marc-Edouard Vlasic.
7:43 of 3rd period - Shot by Hal Gill.
7:43 of 3rd period - Stopped by Jonas Hiller without a rebound.
7:44 of 3rd period - Manny Malhotra wins face-off versus Wayne Primeau in Ducks zone.
8:29 of 3rd period - Shot by Cory Stillman.
8:29 of 3rd period - Shot Misses the Net.
8:31 of 3rd period - Shot by Adam Foote.
8:31 of 3rd period - Goal by Adam Foote - Ducks : 3 - BlackHawks : 1.
8:32 of 3rd period - Samuel Pahlsson wins face-off versus Christian Hanson in neutral zone.
8:39 of 3rd period - Shot by Tyler Kennedy.
8:39 of 3rd period - Stopped by Jonas Hiller without a rebound.
8:40 of 3rd period - Manny Malhotra wins face-off versus Samuel Pahlsson in Ducks zone.
8:49 of 3rd period - Shot by Jakub Voracek.
8:49 of 3rd period - Deflect By David Perron.
8:49 of 3rd period - Shot Misses the Net.
8:58 of 3rd period - Icing by Tyler Kennedy.
8:59 of 3rd period - Paul Kariya wins face-off versus Andy McDonald in BlackHawks zone.
9:24 of 3rd period - Shot by Patrik Berglund.
9:24 of 3rd period - Stopped by Jonas Hiller with a rebound.
10:51 of 3rd period - Off-side.
10:52 of 3rd period - Manny Malhotra wins face-off versus Samuel Pahlsson in neutral zone.
11:05 of 3rd period - Shot by Paul Kariya.
11:05 of 3rd period - Stopped by Jonas Hiller without a rebound.
11:06 of 3rd period - Christian Hanson wins face-off versus Wayne Primeau in Ducks zone.
11:21 of 3rd period - Shot by Wayne Primeau.
11:21 of 3rd period - Deflect By Josh Bailey.
11:21 of 3rd period - Stopped by Jonas Hiller without a rebound.
11:22 of 3rd period - Andy McDonald wins face-off versus Samuel Pahlsson in Ducks zone.
12:20 of 3rd period - Minor Penalty to Kris Russell for Holding.
12:21 of 3rd period - Ales Hemsky wins face-off versus Jonathan Toews in BlackHawks zone.
13:13 of 3rd period - Andy McDonald is hit by Hal Gill and loses puck.
14:35 of 3rd period - Shot by Dominic Moore.
14:35 of 3rd period - Goal by Dominic Moore - Ducks : 4 - BlackHawks : 1.
14:35 of 3rd period - Mathieu Garon enters game.
14:36 of 3rd period - Samuel Pahlsson wins face-off versus Andy McDonald in neutral zone.
14:49 of 3rd period - Shot by Paul Kariya.
14:49 of 3rd period - Shot Misses the Net.
14:52 of 3rd period - Icing by Tom Poti.
14:53 of 3rd period - Artem Anisimov wins face-off versus Andy McDonald in Ducks zone.
14:58 of 3rd period - Shot by Chris Neil.
14:58 of 3rd period - Stopped by Jonas Hiller without a rebound.
14:59 of 3rd period - Josh Bailey wins face-off versus Manny Malhotra in Ducks zone.
14:59 of 3rd period - Mattias Ohlund is hit by Nick Schultz and loses puck.
15:46 of 3rd period - Shot by Paul Kariya.
15:46 of 3rd period - Stopped by Jonas Hiller without a rebound.
15:47 of 3rd period - Jonathan Toews wins face-off versus David Booth in Ducks zone.
16:02 of 3rd period - Minor Penalty to Chris Neil for High sticking.
16:03 of 3rd period - Paul Kariya wins face-off versus Jonathan Toews in BlackHawks zone.
16:35 of 3rd period - Icing by Kurtis Foster.
16:36 of 3rd period - Jonathan Toews wins face-off versus Ales Hemsky in Ducks zone.
16:55 of 3rd period - Shot by Marc-Edouard Vlasic.
16:55 of 3rd period - Shot Blocked by Hal Gill.
17:03 of 3rd period - Shot by David Clarkson.
17:03 of 3rd period - Stopped by Mathieu Garon without a rebound.
17:04 of 3rd period - Andy McDonald wins face-off versus Ales Hemsky in BlackHawks zone.
17:33 of 3rd period - Icing by Andy McDonald.
17:34 of 3rd period - Paul Kariya wins face-off versus Andy McDonald in Ducks zone.
18:02 of 3rd period - Off-side.
18:03 of 3rd period - Artem Anisimov wins face-off versus Christian Hanson in neutral zone.
18:03 of 3rd period - Ron Hainsey is hit by Christian Hanson and loses puck.
18:05 of 3rd period - Minor Penalty to Chris Neil for Holding Stick.
18:06 of 3rd period - Brandon Dubinsky wins face-off versus Ales Hemsky in BlackHawks zone.
18:53 of 3rd period - Shot by Dominic Moore.
18:53 of 3rd period - Shot Blocked by Ron Hainsey.


Output by the SimonT Hockey Simulator (STHS) for Stephane Roy -- Original Page W3C XHTML 1.0 Valid